 Dungeon Crawl Stone Soup version 0.31-a0-234-gad7ace16ef (webtiles) character file.

Game seed: 10805640853215827576

22 qw the Shooter (level 2, -3/24 HPs)
             Began as a Minotaur Hexslinger on July 9, 2023.
             Slain by a hobgoblin (4 damage)
             ... led by Robin
             ... on level 1 of the Dungeon.
             The game lasted 00:00:12 (560 turns).

qw the Shooter (Minotaur Hexslinger)                 Turns: 560, Time: 00:00:12

Health: -3/24      AC:  3    Str: 12    XL:     2   Next: 68%
Magic:  2/2        EV: 11    Int: 10    God:
Gold:   82         SH:  0    Dex: 12    Spells: 2/3 levels left

rFire   . . .        Y - +1 sling
rCold   . . .        (no shield)
rNeg    . . .        f - +0 leather armour
rPois   .            (helmet restricted)
rElec   .            (no cloak)
rCorr   .            (no gloves)
SInv    .            (no boots)
Will    .....        (no amulet)
Stlth   +            (no ring)
HPRegen 0.24/turn    (no ring)
MPRegen 0.08/turn

%: no passive effects
@: no status effects
A: horns 2, retaliatory headbutt
a: no special abilities


You were on level 1 of the Dungeon.
You visited 1 branch of the dungeon, and saw 2 of its levels.

You collected 82 gold pieces.


Innate Abilities, Weirdness & Mutations

You have a pair of horns on your head.
You reflexively headbutt those who attack you in melee.


   Skills:
 - Level 2.0 Fighting
 + Level 3.3 Ranged Weapons
 - Level 2.1 Dodging
 - Level 1.0 Spellcasting
 - Level 2.0 Hexes


You had 2 spell levels left.
You knew the following spells:

 Your Spells              Type           Power      Damage    Failure   Level
a - Slow                  Hex            16%        N/A       19%         1

Your spell library contained the following spells:

 Spells                   Type           Power      Damage    Failure   Level
 Inner Flame              Hex/Fire       2%         N/A       65%         3
 Portal Projectile        Hex/Tloc       4%         N/A       65%         3
 Cause Fear               Hex            2%         N/A       88%         4

Inventory:

Hand Weapons
 Y - a +1 sling (weapon)
Armour
 f - a +0 leather armour (worn)
Scrolls
 a - a scroll of identify
Potions
 d - a potion of invisibility {unknown}
 h - a potion of curing {unknown}

Dungeon Overview and Level Annotations

Branches:
Dungeon (2/15)

Altars:

Annotations:
D:1 Robin


Message History

The goblin misses you. You furiously retaliate!
You headbutt the goblin!
You kill the goblin!
The goblin barely misses you. You furiously retaliate!
You headbutt the goblin.
You kill the goblin!
You start resting.
HP restored.
Done exploring.
(D) Dungeon
Where to? (* - list waypoints, Enter - D:2, ? - help)
What level of the Dungeon? (default 1, ? - help)
You climb downwards.
Level annotation: Robin The ball python hisses angrily.
The goblin barely misses you. You furiously retaliate!
You headbutt the goblin!
You kill the goblin!
Robin hits you with a +0 mace. The hobgoblin hits you. x2
The hobgoblin misses you. x2
There is a stone staircase leading up, spattered with blood here.
556 ||| STAIRDANCE Robin hits you with a +0 mace.
The hobgoblin completely misses you. The hobgoblin barely misses you.
You climb upwards.
There is a stone staircase leading down, spattered with blood here.
You shoot a sling bullet. The sling bullet hits Robin.
Robin is moderately wounded.
The hobgoblin hits you. Robin closely misses you. You furiously retaliate!
You headbutt Robin. The hobgoblin hits you.
You shoot a sling bullet. The sling bullet hits Robin.
Robin is heavily wounded.
The hobgoblin barely misses you. You furiously retaliate!
You headbutt the hobgoblin. Robin hits you with a +0 mace.
The hobgoblin hits you.
You shoot a sling bullet. The sling bullet closely misses Robin.
The hobgoblin hits you. Robin closely misses you.
The hobgoblin hits you but does no damage.
The hobgoblin hits you.
Robin roars a battlecry!
The hobgoblins go into a battle-frenzy!
The hobgoblin hits you.
You die...

#.## ######'##'### #.####
#..# #......?.(..# #...[#
##.# #...........# ####)#
#########.# #...........#
#.# ..........#
#........)..# #.#
..........###...........#
#.#
..........'.#...........#
#.#
..........#.'..g.)......#
###
.........)###..g@.......#
...)......# #..)g)......#
..........# #.(.........#
########### #############


You could see Robin and 2 hobgoblins.

Vanquished Creatures
  An endoplasm (D:1)
  A giant cockroach (D:1)
  6 goblins
  2 hobgoblins (D:2)
  5 kobolds (D:1)
  A ball python (D:1)
  A frilled lizard (D:1)
  A rat (D:1)
18 creatures vanquished.

Notes
Turn   | Place    | Note
-------+----------+-------------------------------------------
     0 | D:1      | qw the Minotaur Hexslinger began the quest for the Orb.
     0 | D:1      | Reached XP level 1. HP: 16/16 MP: 1/1
     0 | D:1      | 0 ||| qw: Version: 0.3-a-51-g015441d
     0 | D:1      | 0 ||| qw: Game counter: 4315
     0 | D:1      | 0 ||| qw: Melee chars always use a shield: true
     0 | D:1      | 0 ||| qw: God list: Okawaru
     0 | D:1      | 0 ||| qw: Allow faded altars: false
     0 | D:1      | 0 ||| qw: Do Orc after clearing Dungeon:15 true
     0 | D:1      | 0 ||| qw: Do second Lair branch before Depths: true
     0 | D:1      | 0 ||| qw: Lair rune preference: random
     0 | D:1      | 0 ||| qw: Goals: Normal
     0 | D:1      | 0 ||| PLANNING D:1-11
   165 | D:1      | Reached skill level 3 in Ranged Weapons
   170 | D:1      | Reached XP level 2. HP: 23/23 MP: 2/2
   445 | D:1      | 445 ||| UPGRADING to +0 leather armour.
   455 | D:1      | 455 ||| DROPPING +0 robe.
   456 | D:1      | 456 ||| READING 2 scrolls labelled KODONE TIBU.
   457 | D:1      | 457 ||| READING scroll labelled VIMIWU DIHUMPUNN.
   460 | D:1      | 460 ||| DROPPING scroll of poison.
   469 | D:2      | Noticed Robin
   473 | D:2      | 473 ||| STAIRDANCE
   476 | D:1      | HP: 6/24 [goblin/+0 dagger[Robin] (1)]
   556 | D:2      | 556 ||| STAIRDANCE
   560 | D:1      | HP: 4/24 [hobgoblin[Robin] (4)]
   560 | D:1      | HP: 1/24 [hobgoblin[Robin] (3)]
   560 | D:1      | Slain by a hobgoblin

Levels and vault maps discovered:
D:1:      minmay_arrival_jagged, layout_basic
D:2:      layout_rooms, nicolae_ecumenical_lake_church, uniq_robin

Skill      XL: |  1  2 |
---------------+-------+-----
Ranged Weapons | 3 |  3.3
Fighting       | 2 |  2.0
Dodging        | |  2.1
Spellcasting   | |  1.0
Hexes          | |  2.0

Action                     || total
---------------------------++-------
   Fire: Sling             ||    44
    Use: Scroll            ||     2
 Armour: Leather armour    ||     9
         Robe              ||     2
  Dodge: Dodged            ||    25

Table legend:
 A = Non-vault XP
 B = Vault XP
 C = Vault XP percentage of total XP
 D = Non-vault monster count
 E = Vault monster count
 F = Vault count percentage of total count
                 A         B        C        D         E       F
            +---------+---------+-------+---------+---------+-------
      Total |      19 |      13 |  40.6 |      11 |       7 |  38.9
            +---------+---------+-------+---------+---------+-------
        D:1 |      19 |       7 |  26.9 |      11 |       4 |  26.7
        D:2 |       0 |       6 | 100.0 |       0 |       3 | 100.0
            +---------+---------+-------+---------+---------+-------
